 Dungeon Crawl Stone Soup version 0.31-a0-188-g5e087ee2ca (webtiles) character file.

Game seed: 3809342969501659138

399 qw the Skirmisher (level 6, -3/35 HPs)
             Began as a Deep Elf Hunter on June 23, 2023.
             Slain by a gnoll
             ... wielding a +0 spear
             ... led by a gnoll bouda
              (6 damage)
             ... on level 4 of the Dungeon.
             The game lasted 00:01:15 (3429 turns).

qw the Skirmisher (Deep Elf Hunter)                 Turns: 3429, Time: 00:01:16

Health: -3/35      AC:  8    Str: 10    XL:     6   Next: 53%
Magic:  8/8        EV:  9    Int: 14    God:
Gold:   226        SH:  0    Dex: 18    Spells: 5/5 levels left

rFire   . . .        Y - +0 shortbow
rCold   . . .        (shield currently unavailable)
rNeg    . . .        i - +0 scale mail
rPois   .            (no helmet)
rElec   .            f - +0 cloak
rCorr   .            c - +0 pair of gloves
SInv    .            (no boots)
Will    .....        (no amulet)
Stlth   +            (no ring)
HPRegen 0.25/turn    (no ring)
MPRegen 0.11/turn

%: no passive effects
@: about to teleport, weakened
A: no striking features
a: no special abilities


You were on level 4 of the Dungeon.
You visited 2 branches of the dungeon, and saw 5 of its levels.

You collected 226 gold pieces.


   Skills:
 - Level 2.3 Fighting
 + Level 9.3 Ranged Weapons
 - Level 2.1 Armour
 - Level 2.4 Dodging
 - Level 1.2 Stealth


You had 5 spell levels left.
You didn't know any spells.
Your spell library was empty.

Inventory:

Hand Weapons
 Y - a +0 shortbow (weapon)
Armour
 c - a +0 pair of gloves (worn)
 f - a +0 cloak (worn)
 i - a +0 scale mail (worn)
Jewellery
 h - a ring of fire
 k - a ring of ice
Scrolls
 a - 2 scrolls of teleportation
 d - a scroll of identify
Potions
 e - a potion of enlightenment {unknown}
 g - a potion of brilliance {unknown}
 m - a potion of haste {unknown}

Dungeon Overview and Level Annotations

Branches:
Dungeon (4/15)             Temple (1/1) D:4

Altars:
Dithmenos
Elyvilon
Fedhas
Kikubaaqudgha
Nemelex Xobeh
Ru
Sif Muna
Trog
Vehumet
Xom
The Shining One


Message History

The gnoll is moderately wounded.
The gnoll hits you with a +0 club.
You shoot an arrow. The arrow hits the gnoll.
The gnoll is severely wounded.
The gnoll bouda gazes fiercely through you!
You feel your attacks grow feeble. The gnoll hits you but does no damage.
You shoot an arrow. The arrow hits the gnoll.
The gnoll is almost dead.
The gnoll bouda hits you with a +0 whip.
The gnoll closely misses you. The gnoll hits you with a +0 club.
You shoot an arrow.
The arrow hits the gnoll but does no damage.
The gnoll is almost dead.
The gnoll is no longer moving quickly. x2
The gnoll bouda calls upon its god to heal the gnoll.
The gnoll is healed somewhat.
The gnoll barely misses you. The gnoll hits you with a +0 club.
The gnoll bouda hits you but does no damage.
You shoot an arrow. The arrow hits the gnoll!
You kill the gnoll!
The gnoll hits you from afar with a +0 spear.
The gnoll bouda hits you but does no damage.
The gnoll hits you from afar with a +0 spear.
You shoot an arrow. The arrow hits the gnoll bouda.
The gnoll bouda is moderately wounded.
The gnoll bouda hits you with a +0 whip.
The gnoll hits you from afar with a +0 spear.
3428 ||| READING 3 scrolls of teleportation.
As you read the scroll of teleportation, it crumbles to dust.
You feel strangely unstable.
The gnoll bouda gazes fiercely through you!
You feel as though you will be weak longer.
The gnoll bouda hits you with a +0 whip.
The gnoll hits you but does no damage.
You shoot an arrow. The arrow hits the gnoll bouda.
The gnoll bouda is moderately wounded.
The gnoll bouda hits you but does no damage.
The gnoll hits you from afar with a +0 spear.
You die...

###.# #.#.#........%..#
.<#.# #.#.#............
#.#.# #.#.#...........
..#.# #.#.#.......... ###.#
#.#.#.#.#.#### ..#.#
#.#.#.#.#...
#.#.#######.#.#.#.# ###
............#.#...#
#.#.........#.#.@)#
#.#.........#.#.#g#
#.##.########.#.#g########.
#.##..........#.#.#..g...g.
#.#############.#.#.######
#.# #............ #.#
##........### #.#
########## ..#


You could see a gnoll bouda and a gnoll.

Vanquished Creatures
  A bullfrog (D:4)
  2 scorpions (D:4)
  A hound (D:4)
  An iguana (D:4)
  An orc wizard (D:3)
  A gnoll (D:4)
  5 adders
  2 worms
  2 dart slugs
  9 orcs
  6 ball pythons
  4 bats
  4 endoplasms
  3 giant cockroaches
  A goblin (D:1)
  8 hobgoblins
  2 jackals (D:2)
  7 kobolds
  5 quokkas
  4 frilled lizards
  3 rats
72 creatures vanquished.

Notes
Turn   | Place    | Note
-------+----------+-------------------------------------------
     0 | D:1      | qw the Deep Elf Hunter began the quest for the Orb.
     0 | D:1      | Reached XP level 1. HP: 12/12 MP: 3/3
     0 | D:1      | 0 ||| qw: Version: 0.3-a-9-g12657ce
     0 | D:1      | 0 ||| qw: Game counter: 4324
     0 | D:1      | 0 ||| qw: Always use a shield: true
     0 | D:1      | 0 ||| qw: God list: Okawaru
     0 | D:1      | 0 ||| qw: Allow faded altars: false
     0 | D:1      | 0 ||| qw: Do Orc after D:15 true
     0 | D:1      | 0 ||| qw: Do second Lair branch before Depths: true
     0 | D:1      | 0 ||| qw: Lair rune preference: random
     0 | D:1      | 0 ||| qw: Plans: Normal
     0 | D:1      | 0 ||| PLANNING D:1-11
   451 | D:1      | Reached XP level 2. HP: 16/16 MP: 4/4
   461 | D:1      | Reached skill level 6 in Ranged Weapons
   836 | D:1      | 836 ||| UPGRADING to +0 cloak.
   841 | D:1      | 841 ||| UPGRADING to +0 scale mail.
   851 | D:1      | 851 ||| DROPPING +0 leather armour.
   852 | D:1      | 852 ||| READING 2 scrolls labelled PIRIZ JITAIC.
   855 | D:1      | 855 ||| DROPPING scroll of butterflies.
   942 | D:2      | Reached XP level 3. HP: 20/20 MP: 5/5
  1048 | D:2      | Found a faded altar of an unknown god.
  1086 | D:2      | Reached skill level 7 in Ranged Weapons
  1581 | D:2      | 1581 ||| UPGRADING to +0 pair of gloves.
  1586 | D:2      | 1586 ||| READING 2 scrolls labelled PIONUE LOOHA.
  1587 | D:2      | 1587 ||| READING 2 scrolls labelled UNAMOS ISHEPOWOU.
  1588 | D:2      | 1588 ||| READING scroll labelled GOETTU PEHEOD.
  1589 | D:2      | 1589 ||| READING scroll labelled BOULUI WIREO.
  1590 | D:2      | 1590 ||| READING scroll labelled BAICLI UCOCAL.
  1691 | D:2      | 1691 ||| READING scroll labelled NESUIK UQOM.
  1692 | D:2      | 1692 ||| DROPPING scroll of poison.
  1693 | D:2      | 1693 ||| DROPPING scroll of immolation.
  1791 | D:3      | 1791 ||| FLEEEEING.
  1804 | D:3      | Reached XP level 4. HP: 8/25 MP: 6/6
  1821 | D:3      | 1821 ||| FLEEEEING.
  2043 | D:3      | Identified the +1 dagger "Offox" {heavy, rElec rC+}
  2273 | D:3      | Reached skill level 8 in Ranged Weapons
  2438 | D:3      | 2438 ||| READING scroll labelled COTABRANKI.
  2439 | D:3      | 2439 ||| DRINKING 2 green potions.
  2440 | D:3      | 2440 ||| READING 2 scrolls of identify.
  2440 | D:3      | 2440 ||| IDENTIFYING grey potion
  2441 | D:3      | 2441 ||| DROPPING potion of invisibility.
  2442 | D:3      | 2442 ||| DROPPING potion of magic.
  2461 | D:4      | Noticed a scorpion
  2474 | D:4      | Killed a scorpion
  2475 | D:4      | Reached XP level 5. HP: 29/29 MP: 7/7
  2498 | D:4      | HP: 3/29 [orc/+1 whip of electrocution (20)]
  2499 | D:4      | 2499 ||| READING 4 scrolls of teleportation.
  2748 | D:4      | 2748 ||| FLEEEEING.
  2844 | D:4      | Reached skill level 9 in Ranged Weapons
  2844 | D:4      | Reached XP level 6. HP: 34/34 MP: 8/8
  3010 | D:4      | Found a staircase to the Ecumenical Temple.
  3011 | D:4      | 3011 ||| PLANNING TEMPLE
  3011 | D:4      | 3011 ||| READING 2 scrolls of identify.
  3011 | D:4      | 3011 ||| IDENTIFYING smoky inky potion
  3020 | Temple   | Entered the Ecumenical Temple
  3182 | Temple   | 3182 ||| PLANNING D:1-11
  3215 | D:4      | HP: 3/35 [phantom (6)]
  3216 | D:4      | 3216 ||| READING 4 scrolls of teleportation.
  3216 | D:4      | HP: 1/35 [phantom (3)]
  3217 | D:4      | 3217 ||| DRINKING potion of heal wounds.
  3413 | D:4      | 3413 ||| FLEEEEING.
  3414 | D:4      | 3414 ||| FLEEEEING.
  3416 | D:4      | 3416 ||| FLEEEEING.
  3417 | D:4      | 3417 ||| FLEEEEING.
  3418 | D:4      | 3418 ||| FLEEEEING.
  3427 | D:4      | HP: 5/35 [gnoll/+0 spear[a gnoll bouda] (4)]
  3428 | D:4      | 3428 ||| READING 3 scrolls of teleportation.
  3428 | D:4      | HP: 2/35 [gnoll bouda/+0 whip (3)]
  3429 | D:4      | Slain by a gnoll

Levels and vault maps discovered:
D:1:      dpeg_arrival_fog, layout_loops_corners
D:2:      layout_basic, ebering_ecumenical_altar_webs
D:3:      minmay_razor_zed, layout_rooms
D:4:      layout_basic, kennysheep_little_box, minmay_temple_entry_grid,
          solitary_fountain, minivault_27, uniq_duvessa
Temple:   bh_familiar_temple

Skill      XL: |  1  2  3  4  5  6 |
---------------+-------------------+-----
Ranged Weapons | 6 7 8 9 |  9.3
Armour         | 2 |  2.1
Fighting       | 2 |  2.3
Dodging        | |  2.4
Stealth        | |  1.2

Action                     |  1- 3 |  4- 6 || total
---------------------------+-------+-------++-------
   Fire: Shortbow          |   102 |   153 ||   255
    Use: Scroll            |     7 |     6 ||    13
         Potion            |       |     2 ||     2
 Armour: Scale mail        |    21 |    41 ||    62
         Leather armour    |     2 |       ||     2
  Dodge: Dodged            |    24 |    39 ||    63

Table legend:
 A = Non-vault XP
 B = Vault XP
 C = Vault XP percentage of total XP
 D = Non-vault monster count
 E = Vault monster count
 F = Vault count percentage of total count
                 A         B        C        D         E       F
            +---------+---------+-------+---------+---------+-------
      Total |     531 |      39 |   6.8 |      56 |      16 |  22.2
            +---------+---------+-------+---------+---------+-------
        D:1 |      24 |       0 |   0.0 |      13 |       0 |   0.0
        D:2 |      47 |       0 |   0.0 |      14 |       0 |   0.0
        D:3 |      64 |      39 |  37.9 |       8 |      16 |  66.7
        D:4 |     396 |       0 |   0.0 |      21 |       0 |   0.0
            +---------+---------+-------+---------+---------+-------
